TOP OF THE 1ST |
Salem-Keizer Volcanoes batting - Pitching for Williamsport Crosscutters : RHP Josh Palmer
|
Pitching: RHP Josh Palmer
|
|
Batting: LHB Pat Aviles
|
0-0: Ground out 4-3 (Groundball, 4, EV 86.9 MPH)
|
Batting: RHB Davey Beeson
|
0-0: Called Strike 0-1: Ball 1-1: Ball 2-1: Foul Ball, location: 2F 2-2: Foul Ball, location: 2F 2-2: Fly out, F6 (Line Drive, 6, EV 71.9 MPH)
|
Batting: LHB Gil Caraveo
|
0-0: Called Strike 0-1: Foul Ball, location: 2F 0-2: Ball 1-2: Ball 2-2: Strikes out looking
|
Top of the 1st over - 0 runs, 0 hits, 0 errors, 0 left on base; Salem-Keizer 0 - Williamsport 0 |
BOTTOM OF THE 1ST |
Williamsport Crosscutters batting - Pitching for Salem-Keizer Volcanoes : RHP Lee Chamness
|
Pitching: RHP Lee Chamness
|
|
Batting: RHB Prabhukumar Santhanakrishnan
|
0-0: Ground out 3-1 (Groundball, 13, EV 85.6 MPH)
|
Batting: RHB Alan Weller
|
0-0: Ball 1-0: Ball 2-0: Foul Ball, location: 2F 2-1: Swinging Strike 2-2: Strikes out swinging
|
Batting: SHB Benjamin Brown
|
0-0: Ball 1-0: Ball 2-0: Foul Ball, location: 2F 2-1: Ground out 6-3 (Groundball, 4M, EV 86.9 MPH)
|
Bottom of the 1st over - 0 runs, 0 hits, 0 errors, 0 left on base; Salem-Keizer 0 - Williamsport 0 |
TOP OF THE 2ND |
Salem-Keizer Volcanoes batting - Pitching for Williamsport Crosscutters : RHP Josh Palmer
|
Batting: RHB Justin Baldwin
|
0-0: Ball 1-0: Called Strike 1-1: Ball 2-1: Ground out 6-3 (Groundball, 6, EV 100.0 MPH)
|
Batting: RHB Justin Layton
|
0-0: Ball 1-0: Ground out 4-3 (Groundball, 4, EV 88.1 MPH)
|
Batting: LHB Ryan Anderson
|
0-0: Ball 1-0: Ball 2-0: Called Strike 2-1: Swinging Strike 2-2: Strikes out swinging
|
Top of the 2nd over - 0 runs, 0 hits, 0 errors, 0 left on base; Salem-Keizer 0 - Williamsport 0 |
BOTTOM OF THE 2ND |
Williamsport Crosscutters batting - Pitching for Salem-Keizer Volcanoes : RHP Lee Chamness
|
Batting: LHB Tsuneharu Nishimura
|
0-0: Ball 1-0: Swinging Strike 1-1: Called Strike 1-2: Strikes out looking
|
Batting: RHB Matt McDevitt
|
0-0: Ball 1-0: Swinging Strike 1-1: Swinging Strike 1-2: Ball 2-2: Ball 3-2: Foul Ball, location: 2F 3-2: SINGLE (Line Drive, 89S, EV 93.8 MPH)
|
Batting: RHB Allen Gravel
|
0-0: Ball 1-0: Ball 2-0: Ball Wild Pitch! Matt McDevitt to second 3-0: Called Strike 3-1: Ground out 1-3 (Groundball, 25, EV 63.8 MPH)
|
Batting: RHB Moritake Fukumoto
|
0-0: Ball 1-0: Called Strike 1-1: Called Strike 1-2: Fly out, F8 (Flyball, 8LS, EV 81.2 MPH)
|
Bottom of the 2nd over - 0 runs, 1 hit, 0 errors, 1 left on base; Salem-Keizer 0 - Williamsport 0 |
TOP OF THE 3RD |
Salem-Keizer Volcanoes batting - Pitching for Williamsport Crosscutters : RHP Josh Palmer
|
Batting: RHB Dinand Brouwer
|
0-0: Called Strike 0-1: Called Strike 0-2: Strikes out swinging
|
Batting: RHB Pedro Quezada
|
0-0: SINGLE (Groundball, 6M, EV 105.0 MPH)
|
Batting: RHB Bill Defazio
|
0-0: Called Strike Pedro Quezada steals 2nd base 0-1: Swinging Strike 0-2: Strikes out looking
|
Batting: LHB Pat Aviles
|
0-0: Foul Ball, location: 2F 0-1: Foul Ball, location: 2F 0-2: Strikes out swinging
|
Top of the 3rd over - 0 runs, 1 hit, 0 errors, 1 left on base; Salem-Keizer 0 - Williamsport 0 |
BOTTOM OF THE 3RD |
Williamsport Crosscutters batting - Pitching for Salem-Keizer Volcanoes : RHP Lee Chamness
|
Batting: RHB Jimmy Misener
|
0-0: Ball 1-0: Ground out 5-3 (Groundball, 56S, EV 68.1 MPH)
|
Batting: RHB Ken Gadberry
|
0-0: Called Strike 0-1: Foul Ball, location: 2F 0-2: Ball 1-2: Ball 2-2: Strikes out swinging
|
Batting: RHB Prabhukumar Santhanakrishnan
|
0-0: Ball 1-0: Foul Ball, location: 2F 1-1: Ball 2-1: Called Strike 2-2: Foul Ball, location: 2F 2-2: Ball 3-2: Ground out 6-3 (Groundball, 6, EV 78.8 MPH)
|
Bottom of the 3rd over - 0 runs, 0 hits, 0 errors, 0 left on base; Salem-Keizer 0 - Williamsport 0 |
TOP OF THE 4TH |
Salem-Keizer Volcanoes batting - Pitching for Williamsport Crosscutters : RHP Josh Palmer
|
Batting: RHB Davey Beeson
|
0-0: Ball 1-0: Ball 2-0: Foul Ball, location: 2F 2-1: Ball 3-1: Swinging Strike 3-2: Base on Balls
|
Batting: LHB Gil Caraveo
|
0-0: Reached on error, E5 (Groundball, 56, EV 84.4 MPH) Davey Beeson to second
|
Batting: RHB Justin Baldwin
|
0-0: Fielders Choice at 2nd, 6-4 (Groundball, 6, EV 106.9 MPH) Davey Beeson to third
|
Batting: RHB Justin Layton
|
0-0: Ball 1-0: TRIPLE (Line Drive, 89XD, EV 109.4 MPH) Davey Beeson scores Justin Baldwin scores
|
Batting: LHB Ryan Anderson
|
0-0: Called Strike 0-1: Reached on error, E4 (Line Drive, 4, EV 66.2 MPH) Justin Layton scores
|
Batting: RHB Dinand Brouwer
|
0-0: Ball 1-0: Foul Ball, location: 2F 1-1: Ball 2-1: Ball 3-1: Foul Ball, location: 2F 3-2: Fly out, F7 (Flyball, 7S, EV 88.8 MPH)
|
Batting: RHB Pedro Quezada
|
0-0: Ball 1-0: Foul Ball, location: 2F 1-1: Ball 2-1: Called Strike 2-2: Foul Ball, location: 2F 2-2: Fly out, F8 (Flyball, 89M, EV 73.8 MPH)
|
Top of the 4th over - 3 runs, 1 hit, 2 errors, 1 left on base; Salem-Keizer 3 - Williamsport 0 |
BOTTOM OF THE 4TH |
Williamsport Crosscutters batting - Pitching for Salem-Keizer Volcanoes : RHP Lee Chamness
|
Batting: RHB Alan Weller
|
0-0: Ball 1-0: Ground out 4-3 (Groundball, 4, EV 86.2 MPH)
|
Pitching: RHP Takashi Kino
|
|
Batting: SHB Benjamin Brown
|
0-0: Ball 1-0: Called Strike 1-1: SINGLE (Line Drive, 4MD, EV 95.6 MPH)
|
Batting: LHB Tsuneharu Nishimura
|
0-0: Called Strike Benjamin Brown steals 2nd base (no throw) 0-1: Ball Benjamin Brown is caught stealing 3rd base 2-5 1-1: Called Strike 1-2: Foul Ball, location: 2F 1-2: DOUBLE (Groundball, 3L, EV 106.2 MPH)
|
Batting: RHB Matt McDevitt
|
0-0: Called Strike 0-1: Called Strike 0-2: Strikes out swinging
|
Bottom of the 4th over - 0 runs, 2 hits, 0 errors, 1 left on base; Salem-Keizer 3 - Williamsport 0 |
TOP OF THE 5TH |
Salem-Keizer Volcanoes batting - Pitching for Williamsport Crosscutters : RHP Josh Palmer
|
Batting: RHB Bill Defazio
|
0-0: Swinging Strike 0-1: Foul Ball, location: 2F 0-2: Strikes out swinging
|
Batting: LHB Pat Aviles
|
0-0: Ball 1-0: Ball 2-0: Ball 3-0: Called Strike 3-1: SINGLE (Groundball, 34S, EV 65.0 MPH) (infield hit)
|
Batting: RHB Davey Beeson
|
0-0: Ball 1-0: Ball 2-0: Ball 3-0: Called Strike 3-1: Called Strike Pat Aviles steals 2nd base 3-2: Foul Ball, location: 2F 3-2: Strikes out swinging
|
Batting: LHB Gil Caraveo
|
0-0: Fly out, F7 (Flyball, 7LM, EV 90.6 MPH)
|
Top of the 5th over - 0 runs, 1 hit, 0 errors, 1 left on base; Salem-Keizer 3 - Williamsport 0 |
BOTTOM OF THE 5TH |
Williamsport Crosscutters batting - Pitching for Salem-Keizer Volcanoes : RHP Takashi Kino
|
Batting: RHB Allen Gravel
|
0-0: Called Strike 0-1: Ball 1-1: Swinging Strike 1-2: Strikes out swinging
|
Batting: RHB Moritake Fukumoto
|
0-0: Ground out 1-3 (Groundball, 34S, EV 74.4 MPH)
|
Batting: RHB Jimmy Misener
|
0-0: Called Strike 0-1: Foul Ball, location: 2F 0-2: Strikes out swinging
|
Bottom of the 5th over - 0 runs, 0 hits, 0 errors, 0 left on base; Salem-Keizer 3 - Williamsport 0 |
TOP OF THE 6TH |
Salem-Keizer Volcanoes batting - Pitching for Williamsport Crosscutters : RHP Josh Palmer
|
Batting: RHB Justin Baldwin
|
0-0: Called Strike 0-1: Fly out, F8 (Flyball, 8RM, EV 91.9 MPH)
|
Batting: RHB Justin Layton
|
0-0: Ball 1-0: Called Strike 1-1: Ground out 5-3 (Groundball, 56, EV 108.8 MPH)
|
Batting: LHB Ryan Anderson
|
0-0: Ball 1-0: Called Strike 1-1: Foul Ball, location: 2F 1-2: Fly out, F8 (Line Drive, 8LM, EV 95.0 MPH)
|
Top of the 6th over - 0 runs, 0 hits, 0 errors, 0 left on base; Salem-Keizer 3 - Williamsport 0 |
BOTTOM OF THE 6TH |
Williamsport Crosscutters batting - Pitching for Salem-Keizer Volcanoes : RHP Takashi Kino
|
Batting: RHB Ken Gadberry
|
0-0: Foul Ball, location: 2F 0-1: Fly out, F8 (Flyball, 8LS, EV 86.9 MPH)
|
Batting: RHB Prabhukumar Santhanakrishnan
|
0-0: Ball 1-0: Swinging Strike 1-1: Foul Ball, location: 2F 1-2: Ball 2-2: Ball 3-2: Strikes out looking
|
Batting: RHB Alan Weller
|
0-0: Ball 1-0: Foul Ball, location: 2F 1-1: Fly out, F8 (Line Drive, 8RM, EV 100.6 MPH)
|
Bottom of the 6th over - 0 runs, 0 hits, 0 errors, 0 left on base; Salem-Keizer 3 - Williamsport 0 |
TOP OF THE 7TH |
Salem-Keizer Volcanoes batting - Pitching for Williamsport Crosscutters : RHP Josh Palmer
|
Batting: RHB Dinand Brouwer
|
0-0: Ball 1-0: Ball 2-0: Swinging Strike 2-1: Called Strike 2-2: Ball 3-2: Base on Balls
|
Batting: RHB Pedro Quezada
|
0-0: Bunt missed! 0-1: Ball 1-1: Sac Bunt to P - play at first, batter OUT! 1-4 Dinand Brouwer to second
|
Batting: RHB Bill Defazio
|
0-0: Ball 1-0: Fly out, F7 (Flyball, 78D, EV 98.8 MPH)
|
Batting: LHB Pat Aviles
|
0-0: Foul Ball, location: 2F 0-1: Foul Ball, location: 2F 0-2: Ball 1-2: Ball 2-2: Foul Ball, location: 2F 2-2: Strikes out looking
|
Top of the 7th over - 0 runs, 0 hits, 0 errors, 1 left on base; Salem-Keizer 3 - Williamsport 0 |
BOTTOM OF THE 7TH |
Williamsport Crosscutters batting - Pitching for Salem-Keizer Volcanoes : RHP Takashi Kino
|
Pitching: LHP Ian Martin
|
|
Batting: SHB Benjamin Brown
|
0-0: Ball 1-0: Ball 2-0: Ball 3-0: Hit by Pitch
|
Pinch Runner at 1st Jeff Echt:
|
|
Batting: LHB Tsuneharu Nishimura
|
0-0: Ball 1-0: Ball 2-0: Ball 3-0: Base on Balls Jeff Echt to second
|
Batting: RHB Matt McDevitt
|
0-0: Swinging Strike 0-1: Ball 1-1: Ball 2-1: Fielders Choice at 2nd, 3-6 (Groundball, 34, EV 105.0 MPH) Jeff Echt to third
|
Batting: RHB Allen Gravel
|
0-0: Called Strike 0-1: SINGLE (Line Drive, 8LS, EV 111.2 MPH) Jeff Echt scores Matt McDevitt to second
|
Batting: RHB Moritake Fukumoto
|
0-0: Swinging Strike 0-1: Called Strike 0-2: Ball 1-2: Ball 2-2: Ball Wild Pitch! Matt McDevitt to third Allen Gravel to second 3-2: Base on Balls
|
Batting: RHB Jimmy Misener
|
0-0: SINGLE (Flyball, 9S, EV 91.2 MPH) Matt McDevitt scores Allen Gravel to third Moritake Fukumoto to second
|
Batting: RHB Ken Gadberry
|
0-0: Called Strike 0-1: Fly out, F8 (Flyball, 89D, EV 90.0 MPH)
|
Batting: RHB Prabhukumar Santhanakrishnan
|
0-0: Ball 1-0: Ball 2-0: Ball 3-0: Called Strike 3-1: Base on Balls Allen Gravel scores Moritake Fukumoto to third Jimmy Misener to second
|
Pitching: RHP Vicente Burger
|
|
Batting: RHB Alan Weller
|
0-0: Ball 1-0: Ball Wild Pitch! Moritake Fukumoto scores Jimmy Misener to third Prabhukumar Santhanakrishnan to second 2-0: Swinging Strike 2-1: Called Strike 2-2: Foul Ball, location: 2F 2-2: Ball 3-2: Foul Ball, location: 2F 3-2: Foul Ball, location: 2F 3-2: Strikes out swinging
|
Bottom of the 7th over - 4 runs, 2 hits, 0 errors, 2 left on base; Salem-Keizer 3 - Williamsport 4 |
TOP OF THE 8TH |
Salem-Keizer Volcanoes batting - Pitching for Williamsport Crosscutters : RHP Josh Palmer
|
Pitching: LHP Victor Villarreal
|
|
Now at C: Frank Shelton
|
|
Batting: RHB Davey Beeson
|
0-0: Fly out, F2 (Popup, 3SF, EV 83.1 MPH)
|
Batting: LHB Gil Caraveo
|
0-0: SINGLE (Groundball, 3D, EV 95.0 MPH)
|
Batting: RHB Justin Baldwin
|
0-0: DOUBLE (Line Drive, 9LS, EV 113.1 MPH) Gil Caraveo to third Runner from 3rd tries for Home, SAFE, no throw by RF
|
Batting: RHB Justin Layton
|
0-0: Foul Ball, location: 2F 0-1: Ball 1-1: Foul Ball, location: 2F 1-2: Fly out, F9 (Flyball, 9S, EV 91.9 MPH)
|
Batting: LHB Ryan Anderson
|
0-0: Called Strike 0-1: Foul Ball, location: 2F 0-2: Ball 1-2: Ball 2-2: Strikes out swinging
|
Top of the 8th over - 1 run, 2 hits, 0 errors, 1 left on base; Salem-Keizer 4 - Williamsport 4 |
BOTTOM OF THE 8TH |
Williamsport Crosscutters batting - Pitching for Salem-Keizer Volcanoes : RHP Vicente Burger
|
Pitching: LHP Caleb Mullinax
|
|
Batting: RHB Frank Shelton
|
0-0: Ball 1-0: Called Strike 1-1: Ball 2-1: Ground out 5-3 (Groundball, 5, EV 106.2 MPH)
|
Pinch Hitting: SHB Matt Sybrant
|
0-0: Called Strike 0-1: Ball 1-1: Ball 2-1: Foul Ball, location: 2F 2-2: Ball 3-2: Base on Balls
|
Batting: RHB Matt McDevitt
|
0-0: Called Strike 0-1: Ball 1-1: Called Strike 1-2: Ball 2-2: Ball 3-2: SINGLE (Groundball, 4MD, EV 104.4 MPH) Matt Sybrant to second Runner from 2nd tries for 3rd, SAFE, throw by CF made to third Matt McDevitt to second
|
Batting: RHB Allen Gravel
|
0-0: Ball 1-0: Ball 2-0: Fly out, F7 (Flyball, 7S, EV 84.4 MPH)
|
Batting: RHB Moritake Fukumoto
|
0-0: Called Strike 0-1: Ball 1-1: Foul Ball, location: 2F 1-2: Strikes out swinging
|
Bottom of the 8th over - 0 runs, 1 hit, 0 errors, 2 left on base; Salem-Keizer 4 - Williamsport 4 |
TOP OF THE 9TH |
Salem-Keizer Volcanoes batting - Pitching for Williamsport Crosscutters : LHP Victor Villarreal
|
Now in LF: Jimmy Misener
|
|
Now in RF: Matt Sybrant
|
|
Batting: RHB Dinand Brouwer
|
0-0: Called Strike 0-1: Swinging Strike 0-2: Ball 1-2: Ball 2-2: Ground out 6-3 (Groundball, 6M, EV 80.0 MPH)
|
Batting: RHB Pedro Quezada
|
0-0: Called Strike 0-1: Foul Ball, location: 2F 0-2: Strikes out looking
|
Batting: RHB Bill Defazio
|
0-0: Swinging Strike 0-1: Ground out 4-3 (Groundball, 4, EV 79.4 MPH)
|
Top of the 9th over - 0 runs, 0 hits, 0 errors, 0 left on base; Salem-Keizer 4 - Williamsport 4 |
BOTTOM OF THE 9TH |
Williamsport Crosscutters batting - Pitching for Salem-Keizer Volcanoes : LHP Caleb Mullinax
|
Pitching: RHP Chase Joy
|
|
Batting: RHB Jimmy Misener
|
0-0: Ball 1-0: Foul Ball, location: 2F 1-1: Called Strike 1-2: Strikes out looking
|
Batting: RHB Ken Gadberry
|
0-0: Ball 1-0: Fly out, F9 (Flyball, 89D, EV 85.6 MPH)
|
Pinch Hitting: LHB Manoel Camp
|
0-0: Ball 1-0: Foul Ball, location: 2F 1-1: Swinging Strike 1-2: Ground out 3-1 (Groundball, 34, EV 102.5 MPH)
|
Bottom of the 9th over - 0 runs, 0 hits, 0 errors, 0 left on base; Salem-Keizer 4 - Williamsport 4 |
TOP OF THE 10TH |
Salem-Keizer Volcanoes batting - Pitching for Williamsport Crosscutters : LHP Victor Villarreal
|
Pitching: RHP Dou-guan Ti
|
|
Now in CF: Manoel Camp
|
|
Batting: LHB Pat Aviles
|
0-0: Ground out 4-3 (Groundball, 4, EV 106.2 MPH)
|
Batting: RHB Davey Beeson
|
0-0: Called Strike 0-1: Called Strike 0-2: Ball 1-2: Foul Ball, location: 2F 1-2: Strikes out swinging
|
Batting: LHB Gil Caraveo
|
0-0: Ball 1-0: Foul Ball, location: 2F 1-1: Foul Ball, location: 2F 1-2: Ball 2-2: Ball 3-2: SINGLE (Groundball, 4D, EV 104.4 MPH)
|
Batting: RHB Justin Baldwin
|
0-0: Ball Gil Caraveo steals 2nd base 1-0: Ground out 5-3 (Groundball, 56S, EV 71.9 MPH)
|
Top of the 10th over - 0 runs, 1 hit, 0 errors, 1 left on base; Salem-Keizer 4 - Williamsport 4 |
BOTTOM OF THE 10TH |
Williamsport Crosscutters batting - Pitching for Salem-Keizer Volcanoes : RHP Chase Joy
|
Batting: RHB Alan Weller
|
0-0: Ball 1-0: Called Strike 1-1: Swinging Strike 1-2: Foul Ball, location: 2F 1-2: Ground out 4-3 (Groundball, 4, EV 90.0 MPH)
|
Batting: RHB Frank Shelton
|
0-0: Swinging Strike 0-1: Ball 1-1: Swinging Strike 1-2: Reached on error, E6 (Groundball, 6, EV 103.8 MPH)
|
Batting: SHB Matt Sybrant
|
0-0: Ball 1-0: Called Strike 1-1: Swinging Strike 1-2: Strikes out swinging
|
Batting: RHB Matt McDevitt
|
0-0: Ball 1-0: Called Strike 1-1: SINGLE (Groundball, 56D, EV 95.6 MPH) Frank Shelton to second
|
Batting: RHB Allen Gravel
|
0-0: 3-RUN HOME RUN (Flyball, 78XD, EV 101.9 MPH), Distance : 418 ft
|
Bottom of the 10th over - 3 runs, 2 hits, 1 error, 0 left on base; Salem-Keizer 4 - Williamsport 7 |
GAME OVER ... WILLIAMSPORT DEFEATS SALEM |
Keizer, 7 to 4
|
|
|